 Dungeon Crawl Stone Soup version 0.29.1-15-g9cfb28693d (webtiles) character file.

Game seed: 1526587113021495166

591 BabyfaceFinlayson the Covert (level 7, -12/32 HPs)
             Began as a Spriggan Enchanter on Mar 10, 2023.
             Was an Initiate of Sif Muna.
             Killed from afar by a white imp (14 damage)
             ... with a puff of frost
             ... on level 5 of the Dungeon.
             The game lasted 00:16:19 (5786 turns).

BabyfaceFinlayson the Covert (Spriggan Enchanter)   Turns: 5786, Time: 00:16:20

Health: -12/32     AC:  2    Str:  6    XL:     7   Next: 16%
Magic:  24/24      EV: 21    Int: 17    God:    Sif Muna [......]
Gold:   244        SH:  0    Dex: 15    Spells: 7/15 levels left

rFire   . . .      SeeInvis +   a - +1 dagger
rCold   . . .      Faith    .   (no shield)
rNeg    . . .      Spirit   .   t - +0 robe
rPois   .          Reflect  .   (helmet restricted)
rElec   .          Harm     .   (no cloak)
rCorr   .          Rampage  .   (gloves unavailable)
Will    +....                   (boots unavailable)
Stlth   ++++......              (no amulet)
HPRegen 0.10/turn               q - +4 ring of evasion
MPRegen 0.19/turn               s - ring of magical power

@: very quick
A: very small, no large weapons, unfitting armour, see invisible, speed 3
a: Renounce Religion


You were on level 5 of the Dungeon.
You worshipped Sif Muna.
Sif Muna was noncommittal.
You visited 2 branches of the dungeon, and saw 6 of its levels.

You collected 244 gold pieces.

Inventory:

Hand Weapons
 a - a +1 dagger (weapon)
Armour
 b - a +0 robe
 t - a +0 robe (worn)
Magical Staves
 g - a staff of earth
Jewellery
 q - a +4 ring of evasion (left hand)
 s - a ring of magical power (right hand)
Scrolls
 d - a scroll of enchant armour
 f - a scroll of magic mapping
 i - 2 scrolls of teleportation
 j - a scroll of poison
 o - 2 scrolls of amnesia
 p - 2 scrolls of immolation
 r - a scroll of summoning {unknown}
 u - a scroll of noise {unknown}
 x - a scroll of enchant weapon {unknown}
Potions
 c - a potion of invisibility
 e - a potion of lignification {unknown}
 h - 3 potions of curing {unknown}
 k - a potion of cancellation {unknown}
 l - a potion of might {unknown}
 m - a potion of degeneration {unknown}
 n - a potion of resistance
 v - a potion of brilliance {unknown}
 w - a potion of berserk rage {unknown}
 z - a potion of attraction {unknown}
 A - a potion of heal wounds {unknown}


   Skills:
 + Level 0.2 Fighting
 + Level 2.3 Short Blades
 + Level 3.3 Dodging
 + Level 8.5 Stealth
 + Level 4.7 Spellcasting
 + Level 5.6 Hexes
 + Level 1.7 Ice Magic


You had 7 spell levels left.
You knew the following spells:

 Your Spells              Type           Power      Damage    Failure   Level
a - Ensorcelled Hibernat  Hex/Ice        32%        N/A       4%          2
b - Tukima's Dance        Hex            23%        N/A       4%          3
c - Dazzling Flash        Conj/Hex       26%        N/A       14%         3

Your spell library contained the following spells:

 Spells                   Type           Power      Damage    Failure   Level
 Confusing Touch          Hex            23%        N/A       4%          3
 Sandblast                Erth           8%         2d5       14%         1
 Passwall                 Tmut/Erth      3%         N/A       22%         2
 Stone Arrow              Conj/Erth      8%         3d7       41%         3


Dungeon Overview and Level Annotations

Branches:
Dungeon (5/15)             Temple (1/1) D:5

Altars:
Cheibriados
Dithmenos
Elyvilon
Gozag
Hepliaklqana
Kikubaaqudgha
Makhleb
Nemelex Xobeh
Okawaru
Qazlal
Ru
Sif Muna
Trog
Xom
Yredelemnul
Zin
The Shining One


Innate Abilities, Weirdness & Mutations

You are very small and have problems with some larger weapons.
You are too small for most types of armour.
You have supernaturally acute eyesight. (SInv)
You cover ground extremely quickly. (Speed+++)


Message History

You climb downwards.
Welcome to the Ecumenical Temple!
Found a bloodstained altar of Trog and a burning altar of Makhleb.
There is a staircase back to the Dungeon here.
Magic restored.
Found a sacrificial altar of Ru.
Found a stormy altar of Qazlal.
Found a glowing golden altar of the Shining One.
Found a shimmering blue altar of Sif Muna.
Found a sparkling altar of Nemelex Xobeh.
You enter the shallow water.
Moving in this stuff is going to be slow.
Found a shimmering altar of Xom.
Found an iron altar of Okawaru.
There is a shimmering blue altar of Sif Muna here.
You kneel at the altar of Sif Muna.
Sif Muna welcomes you!
There is a staircase back to the Dungeon here.
You climb upwards.
Welcome back to the Dungeon!
There is a staircase to the Ecumenical Temple here.
Found a stone staircase leading down.
A necrophage and a white imp come into view.
Found a book of Misfortune and a scroll of poison.
The white imp shouts, "Slither away, thou fulsome spur-galled spell-botch!"
The white imp gestures at you. The puff of frost hits you!
You barely miss the white imp. The white imp barely misses you.
You hit the white imp but do no damage. The white imp gestures at you.
The puff of frost misses you.
You completely miss the white imp. The white imp gestures at you.
The puff of frost hits you!
You hit the white imp but do no damage. The white imp gestures at you.
The puff of frost hits you!
* * * LOW HITPOINT WARNING * * *
You completely miss the white imp. The white imp gestures at you.
The puff of frost hits you!
You die...

#. ###########
#...###.n@5..:...
>.......#########
......#.# ..?..
#.# #... ##.##
#.. ##...######
## #.........#
#....####.#
#.#.#####.##.#


You could see a necrophage and a white imp.

Vanquished Creatures
  A bullfrog (D:5)
  A scorpion (D:5)
  2 howler monkeys
  2 hounds
  3 jellies
  An iguana (D:5)
  7 gnolls
  6 adders
  A white imp (D:4)
  A worm (D:3)
  A dart slug (D:3)
  2 orcs
  4 bats
  5 endoplasms
  4 giant cockroaches
  5 goblins
  3 hobgoblins
  3 quokkas
  3 ball pythons
  2 frilled lizards (D:2)
  6 kobolds
  2 rats
65 creatures vanquished.

Vanquished Creatures (collateral kills)
  3 gnolls
3 creatures vanquished.

Vanquished Creatures (others)
  2 dancing weapons
2 creatures vanquished.

Grand Total: 70 creatures vanquished

Notes
Turn   | Place    | Note
-------+----------+-------------------------------------------
     0 | D:1      | BabyfaceFinlayson the Spriggan Enchanter began the quest
                  | for the Orb.
     0 | D:1      | Reached XP level 1. HP: 9/9 MP: 5/5
   414 | D:1      | Found a faded altar of an unknown god.
   414 | D:1      | Noticed a smoke demon
   975 | D:2      | Reached skill level 5 in Stealth
   975 | D:2      | Reached XP level 2. HP: 5/13 MP: 6/6
   978 | D:2      | Learned a level 2 spell: Ensorcelled Hibernation
  1235 | D:2      | Found a glowing silver altar of Zin.
  1617 | D:2      | Reached XP level 3. HP: 16/16 MP: 0/8
  1621 | D:2      | Learned a level 3 spell: Tukima's Dance
  2425 | D:2      | Learned a level 3 spell: Dazzling Flash
  2483 | D:3      | Reached XP level 4. HP: 8/21 MP: 1/9
  2955 | D:3      | Reached skill level 1 in Ice Magic
  3578 | D:3      | Reached skill level 6 in Stealth
  3938 | D:4      | Reached XP level 5. HP: 24/24 MP: 11/11
  4137 | D:4      | HP: 1/24 [hound (3)]
  4567 | D:4      | Reached skill level 5 in Hexes
  4567 | D:4      | Reached XP level 6. HP: 28/28 MP: 11/13
  5249 | D:5      | Entered Level 5 of the Dungeon
  5249 | D:5      | Found an opulent altar of Gozag.
  5250 | D:5      | Found a shadowy altar of Dithmenos.
  5252 | D:5      | Found a hazy altar of Hepliaklqana.
  5252 | D:5      | Found a snail-covered altar of Cheibriados.
  5253 | D:5      | Found an ancient bone altar of Kikubaaqudgha.
  5253 | D:5      | Found a basalt altar of Yredelemnul.
  5253 | D:5      | Found a white marble altar of Elyvilon.
  5271 | D:5      | Reached skill level 7 in Stealth
  5636 | D:5      | Reached skill level 8 in Stealth
  5636 | D:5      | Reached XP level 7. HP: 32/32 MP: 14/14
  5706 | D:5      | Found a staircase to the Ecumenical Temple.
  5717 | Temple   | Entered the Ecumenical Temple
  5739 | Temple   | Became a worshipper of Sif Muna the Loreminder
  5786 | D:5      | Killed from afar by a white imp

Illustrated notes

Levels and vault maps discovered:
D:1:      kennysheep_arrival_seaside, layout_basic,
          dreamdust_ecumenical_altar_sealed_demon
D:2:      layout_basic, basic_altar
D:3:      layout_basic
D:4:      layout_cave_pools
D:5:      layout_loops_ring, grunt_temple_overflow_open,
          minmay_temple_entry_mini_moons, kennysheep_generic_room_6,
          uniq_crazy_yiuf_cottage
Temple:   nicolae_temple_bog_church

Skill      XL: |  1  2  3  4  5  6 |
---------------+-------------------+-----
Stealth        | 5 6 8 |  8.5
Dodging        | 3 |  3.3
Hexes          | 4 5 |  5.6
Spellcasting   | 3 4 |  4.7
Ice Magic      | 1 |  1.7
Short Blades   | 2 |  2.3
Fighting       | |  0.2

Action                   |  1- 3 |  4- 6 |  7- 9 || total
-------------------------+-------+-------+-------++-------
Melee: Dagger            |    84 |    58 |     7 ||   149
       Punch             |       |     1 |       ||     1
 Cast: Ensorcelled Hiber |    24 |    38 |     1 ||    63
       Dazzling Flash    |     1 |     1 |       ||     2
       Tukima's Dance    |       |     5 |       ||     5
  Use: Potion            |       |     1 |       ||     1
       Scroll            |       |     5 |     1 ||     6
 Stab: Sleeping          |    12 |    32 |     2 ||    46
Armor: Robe              |    11 |     2 |       ||    13
Dodge: Dodged            |    85 |    31 |     2 ||   118
